 Dungeon Crawl Stone Soup version 0.21.1-1-g345015f (webtiles) character file.

1022 Firecrotchwizard the Ruffian (level 8, -12/72 HPs)
             Began as a Troll Fighter on Feb 15, 2018.
             Was a Follower of Hepliaklqana.
             Splashed by Ijyb's acid (14 damage)
             ... on level 5 of the Dungeon.
             The game lasted 00:08:41 (3257 turns).

Firecrotchwizard the Ruffian (Troll Fighter)        Turns: 3257, Time: 00:08:41

Health: -12/72     AC:  7    Str: 25    XL:     8   Next: 2%
Magic:  7/7        EV:  8    Int:  4    God:    Hepliaklqana [*.....]
Gold:   168        SH:  9    Dex: 11    Spells: 7/7 levels left

rFire    . . .     SeeInvis .     - Unarmed
rCold    . . .     Gourm    +   b - +0 shield
rNeg     . . .     Faith    .   a - +0 robe
rPois    .         Spirit   .   (helmet restricted)
rElec    .         Reflect  .   y - +1 cloak
rCorr    .         Harm     .   (gloves unavailable)
MR       .....                  (boots unavailable)
Stlth    +.........             (no amulet)
HPRegen  0.62/turn              (no ring)
MPRegen  0.10/turn              (no ring)

@: no status effects
A: large, unfitting armour, reduced essence, claws 3, fast metabolism 3,
gourmand, regeneration 1, shaggy fur 1, tough skin 2
a: Recall Ancestor, Ancestor Identity, Renounce Religion


You were on level 5 of the Dungeon.
You worshipped Hepliaklqana.
Hepliaklqana was aware of your devotion.
You were very full.

You visited 1 branch of the dungeon, and saw 5 of its levels.
You also visited: Sewer and Ossuary.

You collected 168 gold pieces.

Inventory:

Hand Weapons
 r - a +0 whip of electrocution
   (You took it off an orc on level 3 of the Dungeon)
Armour
 a - a +0 robe (worn)
 b - a +0 shield (worn)
 g - a +1 cloak
   (You found it on level 1 of the Dungeon)
 y - a +1 cloak (worn)
   (You found it on level 5 of the Dungeon)
Wands
 l - a wand of random effects (19)
   (You took it off Natasha on level 2 of the Dungeon)
Scrolls
 e - 3 scrolls of identify
 i - a scroll of fear {unknown}
 j - a scroll of teleportation
 k - a scroll of blinking {!r}
 n - a scroll of enchant armour
 o - a scroll of amnesia {unknown}
 t - 2 scrolls of magic mapping {!r}
 u - a scroll of random uselessness {unknown}
 v - a scroll of immolation {unknown}
 x - a scroll of enchant weapon {unknown}
Potions
 c - 4 potions of might
 f - 2 potions of cancellation {unknown}
 h - 5 potions of heal wounds
 m - 5 potions of curing
 p - 2 potions of haste {unknown}
 q - 4 potions of ambrosia {unknown}
 s - a potion of brilliance {unknown}
 w - 2 potions of flight {unknown}
 z - a potion of magic {unknown}
Comestibles
 d - 11 rations {@e1}


   Skills:
 + Level 5.0 Fighting
 - Level 2.4 Dodging
 - Level 2.4 Shields
 * Level 7.9 Unarmed Combat


You had 7 spell levels left.
You didn't know any spells.

Dungeon Overview and Level Annotations

Branches:
Dungeon (5/15)             Temple (0/1) D:4

Altars:
Hepliaklqana
Qazlal
Trog
Wu Jian
Zin

Annotations:
D:3 1 runed door
D:5 Ijyb


Innate Abilities, Weirdness & Mutations

You are too large for most types of armour.
You have claws for hands.
Your metabolism is lightning-fast.
You like to eat raw meat.
Your natural rate of healing is unusually fast.
You are covered in fur. (AC +1)
You have very tough skin. (AC +2)
Your life essence is reduced to manifest your ancestor. (-10% HP)


Message History

You completely miss the phantom. The phantom hits you.
The phantom blinks!
The dart slug launches a dart at you. The slug dart hits you!
You take 4 damage, and have 31/63 hp.
The phantom blinks! Ælfric barely misses the phantom.
The phantom hits you but does no damage.
You closely miss the phantom. Ælfric closely misses the phantom.
The phantom hits you!
You take 6 damage, and have 26/63 hp.
You closely miss the phantom. Ælfric barely misses the phantom.
The phantom hits you.
The phantom blinks!
You take 5 damage, and have 21/63 hp.
You see here a giant spiked club.
You closely miss the phantom.
The phantom hits you but does no damage. Ælfric barely misses the phantom.
You claw the phantom!
You destroy the phantom!
Your Fighting skill increases to level 5!
You have reached level 8!
You regained 4 hp, and now have 27/72 hp.
MP restored: 7 You block the dart slug's attack.
You see here a giant spiked club.
You claw the dart slug! Ælfric hits the dart slug.
The dart slug dies!
You scratch the dart slug but do no damage. Ælfric hits the dart slug.
You mangle the dart slug!!
You kill the dart slug!
You start resting.
Health restored: 72 You see here a giant spiked club.
You now have 168 gold pieces (gained 16).
y - an embroidered cloak You start removing your armour.
You continue taking off your +1 cloak. x4
You finish taking off your +1 cloak.
You start putting on your armour.
You continue putting on your embroidered cloak. x5
You finish putting on your +1 cloak.
z - a murky red potion Ijyb the Twisted Goblin comes into view.
She is wielding a club.
Ijyb shouts!
A howler monkey comes into view.
The howler monkey howls!
Ijyb zaps a wand.
The bolt of acid hits you!
You are splashed with acid!
The acid burns!
It is a wand of acid (3).
The howler monkey hoots and howls with incredible vigour!
You take 30 damage, and have 42/72 hp.
MASSIVE DAMAGE!!
You swap places.
A howler monkey comes into view.
The howler monkey hoots and howls with incredible vigour!
Ijyb zaps a wand.
The bolt of acid hits Ælfric. Ælfric is splashed with acid.
The acid corrodes Ælfric!
The bolt of acid misses you. Ælfric hits Ijyb!
Ijyb zaps a wand.
The bolt of acid hits Ælfric. Ælfric is splashed with acid.
The acid corrodes Ælfric! Ælfric is destroyed!
The bolt of acid misses you.
The howler monkey hoots and howls with incredible vigour!
Ijyb hits you but does no damage.
Found a stone staircase leading down.
A giant cockroach and a centaur come into view.
You closely miss Ijyb.
The centaur wields a shortbow.
The centaur shoots an arrow.
The arrow hits you! Ijyb hits you but does no damage.
You take 6 damage, and have 39/72 hp.
You barely miss Ijyb.
The centaur shoots an arrow.
You block the arrow. You block Ijyb's attack.
The centaur shoots an arrow.
The arrow barely misses you.
You closely miss Ijyb.
The centaur shoots an arrow.
The arrow hits you. Ijyb hits you with a club.
A frilled lizard comes into view.
You take 5 damage, and have 34/72 hp.
You closely miss Ijyb.
The frilled lizard hisses angrily.
The centaur shoots an arrow.
The arrow hits you!
* * * LOW HITPOINT WARNING * * *
Ijyb barely misses you.
You take 16 damage, and have 18/72 hp.
MASSIVE DAMAGE!!
The howler monkey hoots and howls with incredible vigour!
The centaur shoots an arrow.
The arrow barely misses you. You block Ijyb's attack.
You see here an arrow.
You barely miss Ijyb.
The giant cockroach bites you but does no damage.
You block the howler monkey's attack.
You barely miss Ijyb.
The howler monkey hoots and howls with incredible vigour!
The giant cockroach bites you but does no damage.
Ijyb zaps a wand.
The bolt of acid hits you!
* * * LOW HITPOINT WARNING * * *
You are splashed with acid!
The acid burns!
You die...

#..........
#>......... ...
#.......... ..h.#
#..........
......####.....l....
....................
.......###......!...
........#.g@s..#
#......h.h###.#
#...(...## ##......#
###....# ####..c..#
#######.....#..#
...........##..#
###........##....


You could see Ijyb, a centaur, 2 howler monkeys, a giant cockroach and a frilled
lizard.

Vanquished Creatures
  A phantom (D:5)
  An ogre (D:5)
  A centaur (D:5)
  A big kobold (Sewer)
  A howler monkey (D:4)
  A crimson imp (D:5)
  A centaur zombie (Ossuary)
  A human zombie (Ossuary)
  2 bullfrog skeletons
  A hound (D:4)
  Natasha (thrice) (D:2)
  2 worker ants (D:4)
  2 big kobold zombies (Ossuary)
  3 mummies
  4 gnolls (D:2)
  6 adders
  A shadow imp (D:5)
  An adder skeleton (D:4)
  2 worms
  2 dart slugs
  A leopard gecko (D:3)
  14 orcs
  3 bats
  3 giant cockroaches
  2 goblins
  8 hobgoblins
  2 jackals (D:3)
  3 quokkas
  5 frilled lizards
  A goblin zombie (Ossuary)
  7 hobgoblin zombies (Ossuary)
  A jackal zombie (Ossuary)
  5 kobolds
  13 kobold zombies (Ossuary)
  8 orc zombies (Ossuary)
  30 rats
  A rat zombie (Ossuary)
144 creatures vanquished.

Vanquished Creatures (collateral kills)
  A crimson imp (D:5)
  A river rat (D:4)
  A dart slug (D:5)
  A kobold (Sewer)
  A bat (D:3)
  A hobgoblin zombie (Ossuary)
  An orc zombie (Ossuary)
  A rat (Sewer)
8 creatures vanquished.

Vanquished Creatures (others)
  2 ancestors
2 creatures vanquished.

Grand Total: 154 creatures vanquished

Notes
Turn   | Place    | Note
-------+----------+-------------------------------------------
     0 | D:1      | Firecrotchwizard the Troll Fighter began the quest for the Orb.
     0 | D:1      | Reached XP level 1. HP: 22/22 MP: 0/0
    38 | D:1      | Reached XP level 2. HP: 22/29 MP: 1/1
   843 | D:1      | Reached skill level 3 in Unarmed Combat
   926 | D:2      | Noticed Natasha
   970 | D:2      | Reached XP level 3. HP: 36/36 MP: 2/2
   999 | D:2      | Reached skill level 3 in Fighting
  1004 | D:2      | Killed Natasha
  1004 | D:2      | Reached XP level 4. HP: 45/45 MP: 3/3
  1036 | D:2      | Reached skill level 4 in Unarmed Combat
  1177 | D:2      | Noticed Natasha
  1181 | D:2      | Killed Natasha
  1181 | D:2      | Reached XP level 5. HP: 52/53 MP: 4/4
  1337 | D:2      | Noticed a moth of wrath
  1340 | D:2      | Found a bloodstained altar of Trog.
  1456 | D:2      | Noticed Natasha
  1459 | D:2      | Killed Natasha
  1658 | D:3      | Found an ornate altar of the Wu Jian Council.
  1681 | D:3      | Found a glowing silver altar of Zin.
  1681 | D:3      | Found a runed door.
  1681 | D:3      | Noticed an angel
  1790 | D:3      | Found a hazy altar of Hepliaklqana.
  1806 | D:3      | Became a worshipper of Hepliaklqana the Forgotten
  1835 | D:3      | Reached skill level 5 in Unarmed Combat
  2104 | D:4      | Found a sand-covered staircase.
  2115 | Ossuary  | Entered an ossuary
  2229 | Ossuary  | Reached XP level 6. HP: 55/55 MP: 5/5
  2295 | Ossuary  | Reached skill level 4 in Fighting
  2383 | D:4      | Reached skill level 6 in Unarmed Combat
  2432 | D:4      | Found a glowing drain.
  2460 | Sewer    | Entered a sewer
  2481 | Sewer    | Reached * piety under Hepliaklqana
  2521 | Sewer    | Reached XP level 7. HP: 63/63 MP: 6/6
  2542 | Sewer    | Found a white marble altar of Elyvilon.
  2720 | D:4      | Found a stormy altar of Qazlal.
  2877 | D:4      | Found a staircase to the Ecumenical Temple.
  3037 | D:5      | Entered Level 5 of the Dungeon
  3076 | D:5      | Reached skill level 7 in Unarmed Combat
  3135 | D:5      | Reached skill level 5 in Fighting
  3135 | D:5      | Reached XP level 8. HP: 27/72 MP: 7/7
  3244 | D:5      | Noticed Ijyb
  3254 | D:5      | HP: 18/72 [centaur/arrow (17)]
  3257 | D:5      | HP: 2/72 [Ijyb/wand of acid (1) (17)]
  3257 | D:5      | Splashed by Ijyb's acid

Skill      XL: |  1  2  3  4  5  6  7 |
---------------+----------------------+-----
Unarmed Combat | 3 4 5 6 7 |  7.9
Fighting       | 3 4 5 |  5.0
Dodging        | |  2.4
Shields        | |  2.4

Action                   |  1- 3 |  4- 6 |  7- 9 || total
-------------------------+-------+-------+-------++-------
Melee: Unarmed           |    79 |   237 |    72 ||   388
  Use: Scroll            |       |     2 |     4 ||     6
 Stab: Sleeping          |     1 |       |     1 ||     2
  Eat: Chunk             |    14 |    15 |     6 ||    35
Armor: Robe              |    19 |    46 |    25 ||    90
Dodge: Dodged            |    21 |    42 |    15 ||    78
Block: Shield            |    26 |    71 |    23 ||   120

Vault maps used:
D:1:      erik_arrival_orb_chamber
D:2:      tgw_trog, uniq_natasha
D:3:      lemuel_round_altar, old_standard_altar, lemuel_angel_altar
D:4:      nicolae_qazlal_general_emergency, minmay_temple_entry_junction_2,
          gup_ossuary_entry_pyramid, portal_sewer_entry_a, first_ration,
          grunt_ministairs_8
D:5:      kennysheep_slugbush, grunt_temple_overflow_order_and_chaos_1,
          nicolae_overflow_hidden_temple, kennysheep_mini, uniq_ijyb
Sewer:    sewer_kobolds
Ossuary:  ossuary_tomb_1

Table legend:
 A = Turns spent in this place as a percentage of turns spent in the entire game.
 B = Non-inter-level travel turns spent in this place as a percentage of non-inter-level travel turns spent in the entire game.
 C = Inter-level travel turns spent in this place as a percentage of turns spent in this place.
 D = Turns resting spent in this place as a percentage of non-inter-level travel turns spent in this place.
 E = Turns spent auto-exploring this place as a percentage of non-inter-level travel turns spent in this place.
 F = Non-inter-level travel turns spent in this place divided by the number of levels of this place that you've seen.
                   A       B       C       D       E      F
               +-------+-------+-------+-------+-------+----------------------
         Total | 100.0 | 100.0 |   2.1 |   5.0 |  70.4 | 455.6
       Dungeon |  88.4 |  88.1 |   2.4 |   5.6 |  72.7 | 562.0
         Sewer |   4.9 |   5.0 |   0.0 |   1.9 |  72.3 | 159.0
       Ossuary |   6.8 |   6.9 |   0.0 |   0.0 |  40.0 | 220.0
               +-------+-------+-------+-------+-------+----------------------

Table legend:
 A = Kills in this place as a percentage of kills in entire the game.
 B = Kills by you in this place as a percentage of kills by you in the entire game.
 C = Kills by friends in this place as a percentage of kills by friends in the entire game.
 D = Other kills in this place as a percentage of other kills in the entire game.
 E = Experience gained in this place as a percentage of experience gained in the entire game.
 F = Experience gained in this place divided by the number of levels of this place that you have seen.
                   A       B       C       D       E      F
               +-------+-------+-------+-------+-------+----------------------
         Total | 100.0 | 100.0 | 100.0 |   N/A | 100.0 | 208.6
       Dungeon |  67.8 |  68.8 |  50.0 |   N/A |  78.0 | 227.8
         Sewer |   6.6 |   5.6 |  25.0 |   N/A |   7.6 | 111.0
       Ossuary |  25.7 |  25.7 |  25.0 |   N/A |  14.4 | 210.0
               +-------+-------+-------+-------+-------+----------------------
